Map: Templo Congelado

Players

TheZergLord - Winner!

  • Race: Zerg Zerg
  • League: Master

eduba

  • Race: Terran Terran
  • League: Master

VOD

Have the link to the VOD?

Description

Time

  • Played on: April 26, 2016, 8:32 a.m.
  • Length: 10:50
Show
View Real Time Build Order
Export as new Build Order

TheZergLord Zerg - Winner!

Build Orders: Hatch First, Muta Ling Bane 

Get SALT Encoding   

  12  0:01  Drone  
  13  0:12  Overlord  
  13  0:18  Drone  
  14  0:31  Drone x2  
  14  0:35  Drone  
  17  0:52  Hatchery  
  17  0:56  Drone  
  17  1:09  Spawning Pool  
  16  1:11  Drone  
  16  1:14  Extractor  
  16  1:16  Drone  
  17  1:20  Drone  
  18  1:29  Drone  
  19  1:40  Overlord  
  19  1:59  Queen  
  19  2:00  Zergling x2  
  22  2:03  Zergling x2  
  22  2:05  Queen  
  22  2:06  Zergling x2  
  26  2:15  Metabolic Boost  
  26  2:19  Drone x2  
  29  2:30  Drone x2  
  30  2:38  Drone x2  
  30  2:40  Spore Crawler  
  32  2:53  Queen  
  34  2:59  Hatchery, Overlord  
  32  3:06  Drone x2  
  32  3:09  Drone x2  
  36  3:12  Overlord  
  36  3:22  Drone x3  
  36  3:23  Drone x2  
  36  3:24  Drone  
  42  3:34  Overlord  
  42  3:35  Drone  
  42  3:36  Drone  
  44  3:44  Drone  
  45  3:48  Queen x2  
  45  3:52  Overlord  
  45  3:54  Drone x3  
  52  4:04  Drone x4  
  52  4:09  Spine Crawler  
  55  4:14  Queen, Overlord  
  58  4:24  Zergling x10  
  58  4:25  Zergling x4  
  58  4:27  Zergling x2  
  65  4:40  Overlord  
  65  4:41  Lair  
  65  4:42  Drone  
  65  4:43  Drone  
  65  4:44  Evolution Chamber  
  66  4:46  Baneling Nest  
  66  4:48  Drone x3  
  66  4:49  Drone x2  
  68  5:02  Drone  
  68  5:03  Drone x7  
  76  5:14  Zerg Melee Weapons Level 1  
  76  5:16  Zergling x8  
  76  5:17  Hatchery  
  76  5:20  Extractor x2  
  77  5:38  Drone x2  
  77  5:39  Drone x2  
  81  5:43  Overlord x2  
  81  5:56  Baneling x3  
  81  5:57  Baneling x3  
  81  5:58  Zergling x2  
  81  5:59  Hatchery, Zergling x2  
  81  6:01  Overlord x4  
  82  6:05  Zergling x12  
  88  6:14  Baneling x5  
  88  6:15  Zergling x6  
  92  6:28  Baneling  
  92  6:29  Zergling x2, Baneling x4  
  92  6:30  Zergling x12  
  96  6:40  Hatchery  
  75  6:57  Extractor  
  75  6:59  Drone x8  
  75  7:00  Drone x2  
  81  7:03  Queen  
  81  7:04  Centrifical Hooks  
  83  7:11  Drone x6  
  83  7:14  Extractor  
  88  7:15  Extractor  
  88  7:16  Extractor  
  88  7:21  Drone  
  88  7:22  Zergling x2  
  88  7:23  Zergling x6, Evolution Chamber  
  88  7:25  Baneling x5  
  90  7:31  Zergling x2  
  90  7:36  Baneling x3  
  91  7:37  Zergling x8  
  91  7:38  Zergling x12  
  101  7:45  Zergling x2  
  101  7:46  Zergling x4  
  104  7:53  Zerg Melee Weapons Level 2  
  104  7:55  Zergling x4  
  104  7:56  Zergling x6  
  104  7:57  Queen  
  111  8:07  Spire  
  110  8:15  Drone  
  110  8:16  Drone x3  
  114  8:22  Hatchery, Overlord  
  114  8:23  Zergling x20  
  114  8:24  Zergling x14  
  114  8:27  Zerg Ground Armor Level 1  
  130  8:44  Baneling x4  
  130  8:45  Zergling x2, Baneling x10  
  130  8:46  Zergling x20  
  140  9:03  Zergling x2  
  140  9:04  Zergling x16  
  140  9:06  Overlord x2  
  117  9:20  Zergling x2  
  117  9:21  Zergling x22  
  121  9:29  Baneling  
  121  9:30  Baneling x12  
  121  9:31  Zergling x20  
  115  9:32  Zergling x4  
  123  9:50  Mutalisk x5  
  123  9:51  Mutalisk x4  
  141  9:56  Baneling x2  
  141  9:58  Zergling x2  
  141  9:59  Zergling x12  
  148  10:08  Baneling x6  
  148  10:09  Zergling x4  
  148  10:10  Zergling x4  
  148  10:14  Zergling x4  
  153  10:21  Mutalisk x3  
  159  10:29  Zergling x2  
  159  10:30  Zergling x12  
Show
View Real Time Build Order
Export as new Build Order

eduba Terran 

Build Orders: Reaper Expand, MMM Bio 

Get SALT Encoding   

  12  0:00  SCV  
  13  0:13  SCV  
  14  0:18  Supply Depot  
  14  0:25  SCV  
  15  0:40  SCV  
  15  0:41  Barracks  
  16  0:44  Refinery  
  16  0:52  SCV  
  17  1:04  SCV  
  18  1:16  SCV  
  19  1:28  Reaper, Orbital Command  
  20  1:41  Command Center  
  20  1:52  Refinery  
  20  1:53  Supply Depot  
  20  1:57  SCV  
  20  2:01  Barracks Reactor  
  21  2:09  SCV  
  22  2:21  Factory  
  22  2:24  Barracks  
  22  2:30  SCV  
  23  2:51  Marine  
  23  2:52  Marine  
  23  2:53  Orbital Command  
  23  2:57  SCV  
  26  3:09  Marine x2, SCV  
  29  3:15  Barracks Tech Lab  
  29  3:16  Starport, Factory Tech Lab  
  29  3:19  SCV  
  30  3:21  SCV  
  31  3:27  Marine  
  31  3:32  Marine, SCV  
  31  3:33  Marine, SCV  
  36  3:36  Siege Tank  
  36  3:39  Stimpack  
  39  3:44  SCV  
  39  3:47  SCV  
  40  3:50  Marine x2  
  40  3:52  Medivac  
  44  3:56  SCV  
  44  3:59  SCV  
  46  4:04  Supply Depot  
  46  4:05  Supply Depot  
  46  4:09  Marine, SCV  
  48  4:11  Siege Tank  
  48  4:13  Marine  
  48  4:15  SCV  
  53  4:21  Marine  
  54  4:25  SCV  
  54  4:27  Medivac  
  54  4:31  SCV  
  58  4:32  Barracks  
  58  4:33  Marine  
  58  4:35  Marine  
  60  4:39  Marine  
  64  5:00  Siege Tank  
  64  5:01  Marine x2, SCV x2  
  64  5:02  Marine  
  69  5:07  Engineering Bay  
  69  5:10  Engineering Bay  
  69  5:14  SCV  
  69  5:16  Supply Depot  
  69  5:19  Marine x2, SCV, Medivac  
  75  5:36  Marine  
  75  5:37  Marine  
  78  5:43  Siege Tank, Barracks Reactor  
  78  5:47  Marine  
  81  5:54  Marine  
  82  5:57  Marine  
  82  5:59  SCV x2  
  85  6:05  Marine  
  85  6:07  Refinery, Command Center  
  85  6:08  Refinery  
  85  6:09  Supply Depot, Barracks  
  86  6:13  Marine, SCV, Medivac  
  86  6:14  SCV  
  86  6:15  Marine  
  92  6:23  Marine  
  93  6:39  Marine x4  
  85  6:51  Marine  
  70  6:57  Marine x3  
  70  6:58  Marauder  
  75  7:06  Starport Reactor  
  75  7:07  Siege Tank  
  75  7:08  SCV x2  
  80  7:09  Marine  
  80  7:12  Barracks Reactor  
  80  7:15  Marine x2  
  83  7:16  Terran Infantry Weapons Level 1, Terran Infantry Armor Level 1  
  83  7:18  Barracks x2  
  83  7:19  Orbital Command  
  83  7:20  Marine  
  83  7:21  Marauder  
  83  7:22  SCV  
  87  7:25  SCV  
  87  7:28  Combat Shields  
  88  7:30  Marine  
  88  7:32  Marine  
  88  7:34  SCV  
  88  7:35  Marine  
  92  7:38  Marine, Orbital Command  
  92  7:39  SCV  
  92  7:42  Marauder  
  96  7:45  Siege Tank  
  96  7:48  Marine  
  96  7:50  Marine x3  
  103  7:53  Marine  
  103  7:55  Marine  
  105  8:03  SCV x2  
  105  8:05  SCV  
  108  8:06  Marine  
  108  8:08  Medivac  
  108  8:10  Barracks Reactor  
  108  8:11  Barracks Tech Lab, Marine  
  108  8:12  Marine x4  
  114  8:15  SCV  
  117  8:36  Supply Depot, Marine x6  
  117  8:37  SCV  
  117  8:38  Supply Depot  
  124  8:43  Marine  
  124  8:44  Armory  
  125  8:57  Marine  
  125  8:58  Marauder  
  125  9:02  Marine x2  
  128  9:07  Marine x2  
  128  9:09  Marine x3  
  131  9:11  Orbital Command  
  131  9:16  Marauder  
  102  9:20  Marine x3  
  102  9:22  Marine  
  97  9:25  Marine x2  
  97  9:27  Marine  
  97  9:30  Marine  
  97  9:31  Marine  
  99  9:35  SCV x2  
  99  9:37  Marauder  
  99  9:38  Marine x2  
  101  9:47  SCV x2  
  101  9:48  SCV  
  101  9:50  Marine x4  
  101  9:51  Marine x3  
  111  9:56  Marauder, Marine, Siege Tank, Medivac  
  111  9:58  Marine  
  111  9:59  SCV x2  
  122  10:08  Marine x4  
  122  10:12  Marine x2  
  128  10:19  Marine x3  
  128  10:20  Marauder  
  130  10:25  Marine  
Tags
 
Add a new tag
Caveats
  • Supply blocks, unpowered buildings, or Contaminate may cause inaccurate times.
  • Supply counts are checked every 10 seconds.